 Dungeon Crawl Stone Soup version 0.17-a0-1337-ge651487 (webtiles) character file.

125 tosmo the Skirmisher (level 4, -1/45 HPs)
             Began as a Minotaur Berserker on June 10, 2015.
             Was a Priest of Trog.
             Slain by an adder (4 damage)
             ... on level 3 of the Dungeon.
             The game lasted 00:21:00 (2608 turns).

tosmo the Skirmisher (Minotaur Berserker)           Turns: 2608, Time: 00:21:01

Health: -1/45      AC:  5    Str: 22    XL:     4   Next: 82%
Magic:  3/3        EV: 11    Int:  4    God:    Trog [***...]
Gold:   94         SH:  3    Dex: 10    Spells: 0 memorised, 3 levels left

rFire  . . .     SeeInvis .     l - +0 spear
rCold  . . .     Clarity  +     k - +0 ring mail
rNeg   . . .     SustAt   .     i - +0 buckler
rPois  .         Gourm    .     (helmet restricted)
rElec  .         Spirit   .     (no cloak)
rCorr  .         Warding  .     (no gloves)
rMut   .         Stasis   .     (no boots)
MR     +....                    n - amulet of clarity
Stlth  +.........               (no ring)
                                (no ring)

@: somewhat resistant to hostile enchantments, very unstealthy
A: retaliatory headbutt, horns 2, magic resistance 1, robust 1
a: Burn Spellbooks, Berserk, Trog's Hand, Renounce Religion


You were on level 3 of the Dungeon.
You worshipped Trog.
Trog was most pleased with you.
You were very full.

You visited 1 branch of the dungeon, and saw 3 of its levels.

You collected 94 gold pieces.

Inventory:

Hand weapons
 a - a +0 falchion
 f - a +0 club
 j - a +0 short sword
 l - a +0 spear (weapon)
 r - a +0 whip
Missiles
 e - 20 arrows
 h - 99 stones (quivered)
Armour
 b - a +0 animal skin
 d - a +0 robe
 i - a +0 buckler (worn)
 k - a +0 ring mail (worn)
Jewellery
 n - an amulet of clarity (around neck)
Magical devices
 p - a wand of flame (37)
Scrolls
 c - a scroll of immolation {unknown}
 m - a scroll of remove curse
Potions
 g - a potion of cure mutation
 o - 2 potions of resistance
Comestibles
 q - a chunk of flesh


   Skills:
 + Level 4.8 Fighting
 + Level 0.7(2.6) Short Blades
 + Level 4.4(4.5) Long Blades
 + Level 2.9 Armour
 + Level 3.3 Dodging
 + Level 0.6 Stealth


You had 3 spell levels left.
You didn't know any spells.

Dungeon Overview and Level Annotations

Branches:
Dungeon (3/15)

Altars:
Makhleb


Innate Abilities, Weirdness & Mutations

You reflexively headbutt those who attack you in melee.
You have a pair of horns on your head.
You are resistant to hostile enchantments.
You are robust (+10% HP).


Message History

The orc barely misses you. You furiously retaliate!
You headbutt the orc, but do no damage.
The quokka bites you but does no damage.
The orc priest mumbles some strange prayers to Beogh.
You feel troubled. The adder closely misses you. You block the bat's attack.
The orc priest becomes somewhat translucent.
The bat hits you.
* * * LOW HITPOINT WARNING * * *
The bat hits you but does no damage. The quokka closely misses you.
The bat barely misses you. You furiously retaliate!
You headbutt the bat!
You kill the bat!
Trog accepts your kill.
Unknown command.
You block the adder's attack.
The orc priest becomes somewhat translucent.
The adder bites you.
* * * LOW HITPOINT WARNING * * *
The adder bites you.
You die...

......)..........#..# ##.
......))...........#### ##..
..[................<..# ##...
......................####...#
...........o......)...........
....?<......r.....†..##.......
.......##.....o...............
...#### #####So......#.#.....>
.. #@.......#........
#........##..#...#
#........##.....##
#........#........
#########.........
######........#
#......#......#
#......#....).#
#......#......#


You could see an orc priest, an adder, 2 orcs and a quokka.

Vanquished Creatures
  A hound (D:2)
  2 adders (D:2)
  An ooze (D:1)
  A worm (D:2)
  5 giant geckos
  An orc (D:3)
  6 bats
  6 giant cockroaches
  7 goblins
  9 hobgoblins
  8 jackals (D:1)
  A ball python (D:1)
  3 giant newts (D:1)
  6 kobolds
  3 rats (D:1)
60 creatures vanquished.

Notes
Turn   | Place    | Note
--------------------------------------------------------------
     0 | D:1      | tosmo the Minotaur Berserker began the quest for the Orb.
     0 | D:1      | Reached XP level 1. HP: 19/19 MP: 0/0
    23 | D:1      | Reached skill level 4 in Long Blades
   249 | D:1      | Reached XP level 2. HP: 22/27 MP: 1/1
   770 | D:1      | Acquired Trog's second power
   796 | D:1      | Reached XP level 3. HP: 24/33 MP: 2/2
  1794 | D:2      | Reached XP level 4. HP: 18/41 MP: 3/3
  1805 | D:2      | Found a burning altar of Makhleb.
  1915 | D:2      | Gained mutation: You are resistant to hostile enchantments. [potion of mutation]
  1915 | D:2      | Gained mutation: You are robust (+10% HP). [potion of mutation]
  2607 | D:3      | HP: 2/45 [adder (1)]
  2608 | D:3      | Slain by an adder

Vault maps used:
D:1:      minmay_arrival_plants_in_alcoves, minmay_misc_feat_five
D:2:      makhleb_heckhound_becter
D:3:      lemuel_coloured_pillars_altar, first_bread, uniq_terence

Action                   |  1- 3 |  4- 6 || total
-------------------------+-------+-------++-------
Melee: Falchion          |    56 |       ||    56
       Club              |     3 |       ||     3
       Short sword       |    18 |       ||    18
       Dagger            |    15 |       ||    15
       Spear             |    14 |    40 ||    54
  Use: Scroll            |     4 |     2 ||     6
       Potion            |     3 |     3 ||     6
 Stab: Sleeping          |     1 |       ||     1
  Eat: Bread ration      |     1 |       ||     1
       Royal jelly       |     1 |       ||     1
       Meat ration       |       |     1 ||     1
